 Dungeon Crawl Stone Soup version 0.19.0-20-gbc5f0c6 (webtiles) character file.

76 AAAAA the Magician (level 4, 0/29 HPs)
             Began as an Octopode Warper on Nov 16, 2016.
             Slain by an iguana (14 damage)
             ... on level 4 of the Dungeon.
             The game lasted 00:06:00 (2775 turns).

AAAAA the Magician (Octopode Warper)                Turns: 2775, Time: 00:06:01

Health: 0/29       AC:  1    Str: 10    XL:     4   Next: 32%
Magic:  10/10      EV: 13    Int: 16    God:
Gold:   79         SH:  0    Dex: 11    Spells: 2 memorised, 6 levels left

rFire  . . .     SeeInvis .     a - +0 falchion
rCold  . . .     Gourm    .     (no shield)
rNeg   . . .     Faith    .     (helmet restricted)
rPois  .         Spirit   .     (no amulet)
rElec  .         Reflect  .     r - ring of resist corrosion
rCorr  +         Harm     .     (no ring)
MR     .....                    (no ring)
Stlth  ++........               (no ring)
                                (no ring)
                                (no ring)
                                (no ring)
                                (no ring)

@: no status effects
A: almost no armour, stealthy swim, amphibious, 8 rings, constrict 8, camouflage
1, gelatinous body 1
a: no special abilities


You were on level 4 of the Dungeon.
You were not hungry.

You visited 1 branch of the dungeon, and saw 4 of its levels.

You collected 79 gold pieces.

Inventory:

Hand Weapons
 a - a +0 falchion (weapon)
 j - a +0 mace of crushing
Missiles
 d - 5 tomahawks of dispersal
 i - 121 stones (quivered)
Jewellery
 r - a ring of resist corrosion (left tentacle)
Scrolls
 e - 2 scrolls of amnesia
 h - a scroll of immolation {unknown}
 n - a scroll of remove curse {unknown}
 o - a scroll of teleportation
 t - 2 scrolls of identify
Potions
 g - 2 potions of brilliance
 k - a potion of curing {unknown}
 m - a potion of magic
 p - a potion of haste {unknown}
 q - a potion of berserk rage {unknown}
 s - 2 potions of degeneration {unknown}
 u - a potion of agility {unknown}
Books
 b - a book of Spatial Translocations

   Spells                             Type                      Level
   a - Blink                          Translocation                2
   b - Shroud of Golubria             Charms/Translocation         2
   c - Lesser Beckoning               Translocation                3
   d - Portal Projectile              Translocation                3
   e - Teleport Other                 Translocation                3
   f - Passage of Golubria            Translocation                4
Comestibles
 f - a bread ration
 l - 2 royal jellies


   Skills:
 - Level 2.0 Fighting
 - Level 2.0 Long Blades
 - Level 1.0 Throwing
 - Level 2.3 Dodging
 + Level 4.1 Spellcasting
 - Level 3.0 Translocations


You had 6 spell levels left.
You knew the following spells:

 Your Spells              Type           Power        Failure   Level  Hunger
a - Blink                 Tloc           N/A          10%         2    ##.....
b - Teleport Other        Tloc           ##......     14%         3    ###....


Dungeon Overview and Level Annotations

Branches:
Dungeon (4/15)
 Temple: D:4-7

Altars:
Elyvilon
Okawaru
Xom
Zin


Innate Abilities, Weirdness & Mutations

You cannot wear most types of armour.
You are very stealthy in the water. (Stealth+)
You are amphibious.
You can wear up to eight rings at the same time.
You can use your tentacles to constrict eight enemies at once.
Your skin changes colour to match your surroundings (Stealth+).
Your rubbery body absorbs attacks. (AC +1, EV +1)


Message History

You close the door.
You start resting.
Magic restored.
You start resting.
All of the chunks of flesh in your inventory have rotted away.
HP restored.
You open the door.
There is an open door here.
You open the door.
There is an open door here.
The iguana hisses angrily.
You hit the iguana but do no damage. Your grab misses the iguana.
The iguana bites you!
You barely miss the iguana. You grab the iguana. You constrict the iguana.
The iguana bites you.
You hit the iguana. You squeeze the iguana!
The iguana is severely wounded.
You constrict the iguana, but do no damage.
The iguana bites you!
You die...

....# #.....'....# ....#
#.....#....# ....#######
#.....#....# ..........#
#.....#.[..#
..........########.....#...##
..................#'########
..................#....#
'###..............'....#
...#######.....l@.#....#
...#.....#........######
...'.....#.............#
...#.....#.......<.....#
...#######.............# ...#
#########.....# .... #.....#
...# +.....# ...# #.....#


You could see an iguana.

Vanquished Creatures
  2 adders (D:2)
  2 oozes (D:1)
  A dart slug (D:1)
  2 leopard geckos (D:2)
  5 bats
  A giant cockroach (D:1)
  6 goblins
  9 hobgoblins
  3 jackals
  A ball python (D:2)
  5 frilled lizards
  2 kobolds
  6 rats
45 creatures vanquished.

Notes
Turn   | Place    | Note
-------+----------+-------------------------------------------
     0 | D:1      | AAAAA the Octopode Warper began the quest for the Orb.
     0 | D:1      | Reached XP level 1. HP: 14/14 MP: 3/3
   460 | D:1      | Reached XP level 2. HP: 18/19 MP: 5/5
   464 | D:1      | Learned a level 2 spell: Blink
   701 | D:1      | Reached skill level 3 in Spellcasting
   843 | D:1      | Reached XP level 3. HP: 10/24 MP: 7/7
   852 | D:1      | Learned a level 3 spell: Teleport Other
  1503 | D:2      | Found an iron altar of Okawaru.
  1617 | D:2      | Reached skill level 4 in Spellcasting
  1617 | D:2      | Reached XP level 4. HP: 26/29 MP: 10/10
  1955 | D:2      | Found a glowing silver altar of Zin.
  1955 | D:2      | Found a shimmering altar of Xom.
  1956 | D:2      | Found a white marble altar of Elyvilon.
  2134 | D:2      | Found a faded altar of an unknown god.
  2775 | D:4      | Slain by an iguana

Skill      XL: |  1  2  3 |
---------------+----------+-----
Spellcasting   | 3 4 |  4.1
Fighting       | |  2.0
Long Blades    | |  2.0
Throwing       | |  1.0
Dodging        | |  2.3
Translocations | |  3.0

Action                   |  1- 3 |  4- 6 || total
-------------------------+-------+-------++-------
Melee: Falchion          |    68 |    29 ||    97
       Constrict         |    17 |     6 ||    23
       Tentacles         |    13 |     5 ||    18
 Cast: Blink             |       |     5 ||     5
  Use: Scroll            |     4 |     1 ||     5
 Stab: Sleeping          |     3 |     2 ||     5
  Eat: Chunk             |     2 |     4 ||     6
Armor: Skin              |     4 |     8 ||    12
Dodge: Dodged            |    45 |    23 ||    68
       Rpst.: Falchion   |    16 |     8 ||    24
